 Dungeon Crawl Stone Soup version 0.29.1-15-g9cfb28693d (webtiles) character file.

Game seed: 3087820122328010947

88901 Gumption the Warrior (level 15, -3/141 HPs)
             Began as a Minotaur Berserker on Feb 28, 2023.
             Was a High Priest of Trog.
             Shot with a sling bullet by a faun (4 damage)
             ... on level 1 of the Shoals.
             The game lasted 03:34:03 (30837 turns).

Gumption the Warrior (Minotaur Berserker)          Turns: 30837, Time: 03:34:06

Health: -3/141     AC: 28    Str: 33    XL:     15   Next: 47%
Magic:  23/23      EV: 14    Int:  9    God:    Trog [*****.]
Gold:   1607       SH: 18    Dex:  6    Spells: 14/14 levels left

rFire   + + .      SeeInvis +   a - +5 demon whip (venom)
rCold   . . .      Faith    .   D - +2 kite shield
rNeg    . . .      Spirit   .   h - +3 plate armour {rF+}
rPois   .          Reflect  +   j - +0 hat
rElec   .          Harm     .   E - +2 cloak of Shielding {rF+ MP+9 Int+5}
rCorr   +          Rampage  .   G - +1 pair of gloves
Will    .....                   m - +0 pair of boots
Stlth   ..........              t - amulet of reflection
HPRegen 0.33/turn               x - +4 ring of evasion
MPRegen 0.18/turn               o - ring "Xusig" {rCorr Str+4 Dex-4 SInv}

@: lit by a corona, about to teleport, weak-willed, glowing, studying Dodging
A: horns 2, retaliatory headbutt, screaming 1
a: Renounce Religion, Berserk, Trog's Hand, Brothers in Arms


You were on level 1 of the Shoals.
You worshipped Trog.
Trog was extremely pleased with you.
You visited 5 branches of the dungeon, and saw 24 of its levels.
You also visited: Gauntlet and Volcano.

You collected 2343 gold pieces.
You spent 736 gold pieces at shops.

Inventory:

Hand Weapons
 a - a +5 demon whip of venom (weapon)
 b - a +4 antimagic demon whip
Missiles
 d - 8 javelins
 n - 7 datura-tipped darts
 A - 20 boomerangs (quivered)
 I - 4 silver javelins
 V - 5 throwing nets
Armour
 h - a +3 plate armour of fire resistance (worn)
 j - a +0 hat (worn)
 m - a +0 pair of boots (worn)
 D - a +2 kite shield (worn)
 E - the +2 cloak of Shielding (worn) {rF+ MP+9 Int+5}
   (You found it in a Gauntlet)

   Int:       It affects your intelligence (+5).
   rF:        It protects you from fire.
   MP:        It affects your magic capacity (+9).
 G - a +1 pair of gloves (worn)
Jewellery
 l - a ring of ice
 o - the ring "Xusig" (right hand) {rCorr Str+4 Dex-4 SInv}
   (You found it on level 5 of the Lair of Beasts)

   [ring of resist corrosion]

   Str:       It affects your strength (+4).
   Dex:       It affects your dexterity (-4).
   SInv:      It lets you see invisible.
   rCorr:     It protects you from acid and corrosion.
 q - an amulet of regeneration
 t - an amulet of reflection (around neck)
 x - a +4 ring of evasion (left hand)
 M - a ring of willpower
 P - a ring of protection from fire
Wands
 c - a wand of digging (3)
 p - a wand of paralysis (18)
 u - a wand of polymorph (7)
 B - a wand of mindburst (8)
 H - a wand of iceblast (16)
 N - a wand of flame (23)
 S - a wand of acid (20)
Scrolls
 f - 5 scrolls of vulnerability
 r - 6 scrolls of identify
 y - 5 scrolls of teleportation
 C - 5 scrolls of enchant armour
 O - a scroll of silence
 R - a scroll of blinking
 W - a scroll of enchant weapon
Potions
 e - 2 potions of mutation
 g - 4 potions of haste
 i - 2 potions of ambrosia
 k - 6 potions of flight
 s - 3 potions of lignification
 v - 6 potions of cancellation
 w - 9 potions of curing
 F - 2 potions of berserk rage
 J - 2 potions of might
 K - 2 potions of attraction
 L - 3 potions of resistance
 Q - 3 potions of invisibility
 T - 2 potions of magic


   Skills:
 + Level 15.5 Fighting
 - Level 11.8(13.1) Axes
 - Level 9.4(12.0) Maces & Flails
 + Level 12.6 Throwing
 + Level 15.2 Armour
 + Level 13.2 Dodging
 + Level 14.8 Shields


You had 14 spell levels left.
You didn't know any spells.
Your spell library was empty.

Dungeon Overview and Level Annotations

Branches:
Dungeon (15/15)            Temple (1/1) D:6            Lair (5/5) D:9
 Shoals (1/4) Lair:2       Spider (0/4) Lair:2        Slime (0/5) Lair:4
    Orc (2/2) D:9             Elf (0/3) Orc:2        Vaults (0/5) D:13
 Depths (0/4) D:15        Volcano (visited)         Gauntlet (visited)

Altars:
Fedhas
Gozag
Hepliaklqana
Nemelex Xobeh
Qazlal
Ru
Sif Muna
Trog
Vehumet
Wu Jian
Xom
Yredelemnul
Zin
Jiyva

Shops:
D:1 *   D:6 [   D:14 *   Orc:2 =*=[

Portals:
Trove: D:12 (give 14 potions of heal wounds)


Innate Abilities, Weirdness & Mutations

You have a pair of horns on your head.
You reflexively headbutt those who attack you in melee.
You occasionally shout uncontrollably at your foes.


Message History

The faun shoots a sling bullet.
You reflect the sling bullet off an invisible shield around you!
The sling bullet hits the faun!!
As you read the scroll of teleportation, it crumbles to dust.
You feel strangely unstable.
* * * LOW HITPOINT WARNING * * *
You feel extremely sick.
The merfolk impaler hits you with a +1 trident of venom!
* * * LOW HITPOINT WARNING * * *
You are more poisoned.
The faun points at you and mumbles some strange words.
You are outlined in light.
The faun shoots a sling bullet.
The sling bullet hits you.
* * * LOW HITPOINT WARNING * * *
You block the merfolk impaler's attack.
You feel much better.
* * * LOW HITPOINT WARNING * * *
You feel extremely sick.
The faun shoots a sling bullet.
You reflect the sling bullet off an invisible shield around you!
The sling bullet misses the faun.
The merfolk impaler hits you but does no damage.
You are more poisoned.
The faun shoots a sling bullet.
You reflect the sling bullet off an invisible shield around you!
The sling bullet hits the faun!
The faun shoots a sling bullet.
The sling bullet hits you!
* * * LOW HITPOINT WARNING * * *
The faun shoots a sling bullet.
The sling bullet hits you but does no damage.
The merfolk impaler hits you but does no damage.
You are more poisoned.
You feel better.
The faun shoots a sling bullet.
The sling bullet hits you!
* * * LOW HITPOINT WARNING * * *
You block the merfolk impaler's attack.
The faun shoots a sling bullet.
You reflect the sling bullet off an invisible shield around you!
The sling bullet misses the faun.
The faun shoots a sling bullet.
The sling bullet hits you but does no damage.
The faun shoots a sling bullet.
The sling bullet hits you.
You die...

###....~~~~~~~≈≈
######.P....~~~~~~~~≈≈
#...PP..PP.~~~~~~~.~~≈
#.......#.P.~~~~.~~~~≈
###.>P.P..P.....~~..~~≈≈
....~~..~~~~~...~~~~cc~~
....~~~..~~~~......~≈≈~.
..~~~~~P.........~~~≈≈c~
.~P~~....##..##.@)~~≈≈≈≈
~~~~~...##.~~###.m~c~~~≈
.~~~~.###.~~..#....~~.~≈
~~~~~. #....##...~~.~~≈
~~~~.. #..~.....~~~.~~≈
≈≈~. #..~~....~~~~~~~
≈≈~# #..~~...~~~..~..
≈≈≈## #.~~~~~~~~..~~~
≈≈≈.# #.~~~~~~~


You could see a merfolk impaler (extremely poisoned) and 4 fauns.

Vanquished Creatures
  Nikola (Shoals:1)
  Kirke (D:15)
  Roxanne (D:14)
  A minotaur (Gauntlet)
  A rakshasa (D:15)
  2 vault guards (D:13)
  4 boulder beetles
  A catoblepas (Lair:4)
  2 ogre magi (D:13)
  A merfolk avatar (Lair:5)
  4 hydras
  A death knight (D:15)
  A merfolk aquamancer (Shoals:1)
  3 two-headed ogres
  A tengu warrior (D:13)
  The ghost of Gabide the Grappler, a novice DrTm of Sif Muna (D:8)
  2 centaur warriors (D:15)
  2 death scarabs (Gauntlet)
  4 death yaks (Lair:5)
  Urug (Orc:2)
  6 orc high priests (Orc:2)
  8 skeletal warriors
  Amaemon (D:8)
  A fire crab (Volcano)
  A fire crab (shapeshifter) (D:15)
  A spectral death yak (Gauntlet)
  2 sea snakes
  Lodul (D:10)
  Pikel (D:9)
  4 orc knights
  A lindwurm (Volcano)
  A harpy (Lair:5)
  2 deep elf pyromancers
  5 manticores
  The ghost of Voland the Zephyrmancer, a novice TeAE of Sif Muna (D:7)
  An orc sorcerer (Orc:2)
  A cyclops (D:10)
  4 fauns (Shoals:1)
  2 ugly things
  An elephant (Lair:5)
  A rust devil (Gauntlet)
  Joseph (D:10)
  A black mamba (shapeshifter) (D:15)
  3 merfolk sirens
  An orange demon (D:8)
  6 black mambas
  3 gargoyles
  A naga mage (D:15)
  15 cane toads
  2 kobold demonologists
  Psyche (D:8)
  5 komodo dragons
  4 rime drakes
  3 hornets
  4 polar bears
  10 trolls
  5 merfolk (Shoals:1)
  Grinder (D:5)
  2 snapping turtles
  18 slime creatures
  4 blink frogs
  6 dream sheep (Lair:4)
  5 water elementals (Shoals:1)
  3 wraiths
  2 ynoxinuls
  24 yaks
  A hog (D:15)
  A neqoxec (Gauntlet)
  3 wyverns
  5 fire bats (Volcano)
  6 vampire mosquitoes
  2 chaos spawn (Gauntlet)
  3 basilisks
  5 wargs (Orc:2)
  6 steam dragons
  Menkaure (D:5)
  An acid dragon (D:9)
  12 water moccasins
  4 hell hounds (Volcano)
  21 orc warriors
  3 black bears
  A spectral torpor snail (Gauntlet)
  17 ogres
  2 boggarts (D:15)
  14 wolves
  7 centaurs
  2 phantoms
  A lemure (D:9)
  16 bullfrogs
  7 kobold brigands
  A necrophage (D:7)
  3 scorpions
  4 gnoll sergeants
  9 wights
  13 killer bees
  9 howler monkeys
  2 electric eels
  5 lava snakes (Volcano)
  2 iron imps (Gauntlet)
  8 hounds
  6 jellies
  41 orc priests
  A gnoll bouda (D:6)
  4 iguanas
  Terence (D:2)
  18 orc wizards
  9 gnolls
  7 adders
  A river rat (shapeshifter) (D:15)
  2 white imps (D:7)
  An ufetubus (D:5)
  2 worms
  A dart slug (D:3)
  85 orcs
  4 ball pythons
  3 endoplasms
  2 giant cockroaches
  4 goblins
  3 hobgoblins
  8 jackals
  2 quokkas (D:4)
  3 bats
  2 frilled lizards (D:2)
  23 kobolds
  6 rats
  A bush (Lair:5)
  A butterfly (Lair:5)
649 creatures vanquished.

Vanquished Creatures (others)
  3 humans (D:15)
  An orc priest (D:9)
  An orc wizard (Orc:1)
  A kobold (D:8)
  39 fungi
  68 plants
113 creatures vanquished.

Grand Total: 762 creatures vanquished

Notes
Turn   | Place    | Note
-------+----------+-------------------------------------------
     0 | D:1      | Gumption the Minotaur Berserker began the quest for the
                  | Orb.
     0 | D:1      | Reached XP level 1. HP: 19/19 MP: 0/0
    26 | D:1      | Found Guew's Assorted Antiques.
   268 | D:1      | Reached XP level 2. HP: 27/27 MP: 1/1
  1052 | D:2      | Noticed Terence
  1061 | D:2      | Found a faded altar of an unknown god.
  1076 | D:2      | Killed Terence
  1077 | D:2      | Reached XP level 3. HP: 33/33 MP: 2/2
  1361 | D:2      | Reached ** piety under Trog
  1585 | D:2      | Reached XP level 4. HP: 40/40 MP: 3/3
  2000 | D:3      | Reached skill level 5 in Axes
  2660 | D:4      | Found a basalt altar of Yredelemnul.
  2828 | D:4      | Reached skill level 1 in Shields
  2828 | D:4      | Reached XP level 5. HP: 47/47 MP: 4/4
  2950 | D:4      | Noticed an ogre
  2972 | D:4      | Killed an ogre
  3193 | D:4      | Reached XP level 6. HP: 55/55 MP: 5/5
  3196 | D:4      | Reached skill level 5 in Fighting
  3372 | D:4      | Found a sparkling altar of Nemelex Xobeh.
  3502 | D:5      | Entered Level 5 of the Dungeon
  3516 | D:5      | Noticed Grinder
  3559 | D:5      | Killed Grinder
  3560 | D:5      | Reached XP level 7. HP: 40/61 MP: 6/6
  3757 | D:5      | Noticed Menkaure
  3765 | D:5      | Killed Menkaure
  3766 | D:5      | Reached skill level 5 in Armour
  4456 | D:5      | Reached XP level 8. HP: 50/70 MP: 7/7
  4871 | D:6      | Reached skill level 5 in Shields
  5107 | D:6      | Found a staircase to the Ecumenical Temple.
  5123 | Temple   | Entered the Ecumenical Temple
  5215 | D:6      | Reached *** piety under Trog
  5359 | D:6      | Found an opulent altar of Gozag.
  5435 | D:6      | Reached XP level 9. HP: 75/79 MP: 8/8
  5618 | D:6      | Found Yplaoc's Antique Armour Emporium.
  5906 | D:7      | Found a runed translucent door.
  5906 | D:7      | Noticed Voland's ghost (novice TeAE)
  6013 | D:7      | Reached skill level 10 in Axes
  6150 | D:7      | Identified the +4 rapier of Sloth {freeze, Dex+5 SInv}
  6740 | D:7      | Found a shimmering altar of Xom.
  7007 | D:7      | Killed Voland's ghost
  7106 | D:8      | Noticed an orange demon
  7108 | D:8      | Noticed Amaemon
  7136 | D:8      | Killed an orange demon
  7145 | D:8      | Killed Amaemon
  7146 | D:8      | Reached XP level 10. HP: 90/90 MP: 9/9
  7294 | D:8      | Reached skill level 1 in Maces & Flails
  7304 | D:8      | Noticed Psyche
  7318 | D:8      | Killed Psyche
  7711 | D:8      | Found a runed translucent door.
  7712 | D:8      | Noticed Gabide's ghost (novice DrTm)
  8092 | D:9      | Reached **** piety under Trog
  8203 | D:9      | Reached skill level 5 in Maces & Flails
  8321 | D:9      | Paralysed by a centaur for 5 turns
  8328 | D:9      | Paralysed by a centaur for 5 turns
  8598 | D:9      | Noticed a purple ugly thing
  8610 | D:9      | Killed a purple ugly thing
  8974 | D:9      | Found a staircase to the Lair.
  9061 | D:9      | Reached XP level 11. HP: 99/99 MP: 10/10
  9067 | D:9      | Reached skill level 10 in Fighting
  9239 | D:1      | Bought a runed gold wand for 100 gold pieces
  9239 | D:1      | Bought a scroll labelled MASUDA LAFY for 25 gold pieces
  9810 | D:9      | Found a staircase to the Orcish Mines.
  9984 | D:9      | Noticed Pikel
  9996 | D:9      | Killed Pikel
 10110 | D:10     | Entered Level 10 of the Dungeon
 10139 | D:10     | Reached ***** piety under Trog
 10140 | D:10     | Reached skill level 10 in Armour
 10657 | D:10     | Paralysed by a hornet for 1 turns
 10663 | D:10     | Noticed Lodul
 10677 | D:10     | Killed Lodul
 11035 | D:10     | Noticed Joseph
 11041 | D:10     | Killed Joseph
 11104 | D:10     | Identified the +1 ring mail of Parsimonious Liberty {rF+}
 11324 | Lair:1   | Entered Level 1 of the Lair of Beasts
 11368 | Lair:1   | Noticed a five-headed hydra
 11399 | Lair:1   | Killed a five-headed hydra
 11779 | Lair:2   | Reached skill level 10 in Shields
 11917 | Lair:2   | Reached skill level 1 in Throwing
 12088 | Lair:2   | Reached XP level 12. HP: 110/110 MP: 11/11
 12280 | Lair:2   | Found a hole to the Spider Nest.
 12542 | Lair:2   | Found a staircase to the Shoals.
 13870 | Lair:4   | Noticed a catoblepas
 13883 | Lair:4   | Killed a catoblepas
 13926 | Lair:4   | Reached skill level 5 in Throwing
 14274 | Lair:4   | Received a gift from Trog
 14433 | Lair:4   | Reached skill level 5 in Dodging
 14449 | Lair:4   | Found a viscous altar of Jiyva.
 14450 | Lair:4   | Found a staircase to the Slime Pits.
 14481 | Lair:4   | Identified the +7 arbalest "Killer Klown's Death" {freeze,
                  | rN+ Int-4 SInv Stlth+}
 15271 | Lair:5   | Entered Level 5 of the Lair of Beasts
 16008 | Lair:5   | Noticed a death yak
 16008 | Lair:5   | Noticed a death yak
 16008 | Lair:5   | Noticed a death yak
 16008 | Lair:5   | Noticed a death yak
 16038 | Lair:5   | Reached XP level 13. HP: 119/119 MP: 12/12
 17424 | Lair:5   | Identified the ring "Xusig" {rCorr Str+4 Dex-4 SInv}
 17724 | Lair:5   | Identified a scroll of acquirement
 17724 | Lair:5   | Acquired a manual of Dodging
 17984 | D:8      | Killed Gabide's ghost
 18269 | D:11     | Found a stormy altar of Qazlal.
 18299 | D:11     | Received a gift from Trog
 19005 | D:11     | Identified the +9 quarterstaff of Disarray {freeze, rF-
                  | rCorr Str+8}
 19150 | D:12     | Found a portal to a secret trove of treasure.
 19207 | D:12     | Found a gate leading to a gauntlet.
 19216 | Gauntlet | Entered a Gauntlet
 19216 | Gauntlet | Found a transporter.
 19226 | Gauntlet | Found a transporter.
 19241 | Gauntlet | Found a transporter.
 19246 | Gauntlet | Found a transporter.
 19251 | Gauntlet | Noticed a blizzard demon
 19263 | Gauntlet | Found a transporter.
 19281 | Gauntlet | Found a transporter.
 19293 | Gauntlet | Found a transporter.
 19304 | Gauntlet | Noticed a reaper
 19305 | Gauntlet | Found a transporter.
 19317 | Gauntlet | Found a transporter.
 19323 | Gauntlet | Found a transporter.
 19323 | Gauntlet | Found a transporter.
 19338 | Gauntlet | Found a transporter.
 19348 | Gauntlet | Noticed a balrug
 19357 | Gauntlet | Found a transporter.
 19374 | Gauntlet | Found a transporter.
 19399 | Gauntlet | Found a transporter.
 19401 | Gauntlet | Found a transporter.
 19421 | Gauntlet | Found a transporter.
 19499 | Gauntlet | Found a transporter.
 19699 | Gauntlet | Gained mutation: You occasionally shout uncontrollably at
                  | your foes. [a neqoxec]
 20201 | Gauntlet | Identified the +2 cloak of Shielding {rF+ MP+9 Int+5}
 20215 | Gauntlet | Identified the +2 great sword "Ivapoe" {freeze, rElec
                  | Int+3}
 20215 | Gauntlet | Noticed a minotaur
 20236 | Gauntlet | Killed a minotaur
 21437 | D:12     | Reached skill level 10 in Throwing
 21437 | D:12     | Reached XP level 14. HP: 89/130 MP: 13/13
 22458 | Orc:1    | Entered Level 1 of the Orcish Mines
 23137 | Orc:2    | Entered Level 2 of the Orcish Mines
 23153 | Orc:2    | Received a gift from Trog
 23205 | Orc:2    | Found a dark tunnel.
 23210 | Volcano  | Entered a volcano
 23641 | Volcano  | Found a radiant altar of Vehumet.
 23669 | Volcano  | Found a radiant altar of Vehumet.
 23897 | Orc:2    | Reached skill level 10 in Dodging
 23956 | Orc:2    | Noticed Urug
 24558 | Orc:2    | Killed Urug
 24665 | Orc:2    | Found a staircase to the Elven Halls.
 25147 | Orc:2    | Received a gift from Trog
 25310 | Orc:2    | Found Vetri's Armour Shoppe.
 25310 | Orc:2    | Found Xaxoto's Jewellery Shop.
 25559 | Orc:2    | Found Ilocuk's Assorted Antiques.
 25559 | Orc:2    | Found Vuwui's Jewellery Shop.
 25675 | Orc:2    | Bought a scroll labelled AVA YTETUOD for 26 gold pieces
 25729 | Orc:2    | Bought a +3 plate armour of fire resistance for 585 gold
                  | pieces
 27126 | D:13     | Found a gate to the Vaults.
 27550 | D:14     | You fall into a shaft and drop 1 floor!
 27550 | D:15     | Entered Level 15 of the Dungeon
 27576 | D:14     | Found Riwnotidgh's Pet Rocks.
 27632 | D:14     | Identified Roxanne's Secrets of Excavation
 27632 | D:14     | Noticed Roxanne
 27652 | D:14     | Killed Roxanne
 27999 | D:14     | Reached XP level 15. HP: 136/139 MP: 14/14
 28039 | D:14     | Found a radiant altar of Vehumet.
 28337 | D:15     | Received a gift from Trog
 28338 | D:15     | Reached skill level 15 in Fighting
 29451 | D:15     | Noticed Kirke
 29475 | D:15     | Killed Kirke
 29586 | D:15     | Found a hazy altar of Hepliaklqana.
 29646 | D:15     | Found a staircase to the Depths.
 29656 | D:15     | Reached skill level 15 in Armour
 30016 | Shoals:1 | Entered Level 1 of the Shoals
 30140 | Shoals:1 | Noticed Nikola
 30185 | Shoals:1 | Killed Nikola
 30837 | Shoals:1 | HP: 1/141 [faun/sling bullet (16)]
 30837 | Shoals:1 | Shot with a sling bullet by a faun

Illustrated notes

Levels and vault maps discovered:
D:1:      dpeg_arrival_shrine, layout_loops_ring, serial_shops, shop,
          dk_noncrumbling_3
D:2:      layout_rooms, hellmonk_ecumenical_altar_crossroads,
          serial_co_window_serial, co_window_paths_b,
          co_window_of_opportunity_a, co_window_corner_a, co_window_corner_a,
          co_window_corner_a, co_window_of_opportunity_a, co_window_paths_a,
          co_window_broadway_b, co_window_broadway_c, co_window_unsneaky_path_d,
          co_window_corner_b, glass_columns_b, glass_columns_a, glass_columns_a,
          chequers_serial_rivers_micro_d, uniq_terence
D:3:      layout_loops_ring, kennysheep_generic_room_12
D:4:      layout_loops_cross, mainiacjoe_overflow_boulevard,
          nemelex_diamond_rough_becter
D:5:      layout_basic, uniq_menkaure, uniq_grinder
D:6:      layout_rooms, marbit_many_paths, minmay_temple_entry_nine_rooms,
          serial_shops, nicolae_square_shop
D:7:      layout_gridville, dk_xom_monty_hall, gammafunk_ghost_grave,
          serial_bayou_lagoon_a
D:8:      layout_basic, hellmonk_ghost_big_iron, uniq_psyche, uniq_amaemon
D:9:      layout_loops_ring, erik_lair_island,
          kennysheep_orc_monster_closet_entryway, minmay_unpleasant_kobolds,
          uniq_pikel
D:10:     layout_loops_ring, minivault_23, grunt_decor_mini_mirrors,
          uniq_joseph, uniq_lodul
D:11:     layout_basic, grunt_qazlal_clouds
D:12:     layout_cave_pods, gauntlet_entry_generic, nicolae_trove_entry_isolated
D:13:     layout_irregular_city, grunt_vaults_entry_fortified
D:14:     layout_cave_pools, vehumet_crystals, guppyfry_shop_earth, uniq_roxanne
D:15:     hangedman_depths_entry_try_elsewhere_first, layout_basic,
          nicolae_hepliaklqana_hippocampus, hex_intersection, uniq_kirke
Temple:   nicolae_temple_bog_church
Lair:1:   lemuel_slime, layout_big_grid
Lair:2:   layout_regular_city, minmay_shoals_entry_lonely_mermaid,
          spider_nest_entry_web_field
Lair:3:   layout_chaotic_city, grunt_megastairs_5
Lair:4:   layout_small_grid, slime_entry_1, lemuel_fruit_fields,
          serial_bayou_shore_b, lemuel_fruit_fields
Lair:5:   gammafunk_lair_ancient_temple, layout_regular_city,
          serial_bayou_shore_a, lemuel_fruit_fields
Shoals:1: layout_shoals, uniq_nikola
Orc:1:    layout_caves
Orc:2:    st_orc_town, layout_caves, enter_volcano_4, uniq_urug

Skill      XL: |  1  2  3  4  5  6  7  8  9 10 11 12 13 14 15 |
---------------+----------------------------------------------+-----
Axes           | 4 5 6 8 9 11 | 11.8
Fighting       | 4 5 6 7 8 9 11 12 13 14 15 | 15.5
Armour         | 3 4 5 6 8 9 10 12 13 14 15 | 15.2
Shields        | 1 2 3 4 5 7 8 10 11 13 14 | 14.8
Maces & Flails | 6 9 |  9.4
Throwing       | 1 6 10 12 | 12.6
Dodging        | 5 9 12 13 | 13.2

Action                   |  1- 3 |  4- 6 |  7- 9 | 10-12 | 13-15 || total
-------------------------+-------+-------+-------+-------+-------++-------
Melee: Hand axe          |    57 |    81 |   279 |       |       ||   417
       Headbutt          |     6 |    11 |    59 |   124 |   296 ||   496
       Demon whip        |       |       |       |   715 |  1302 ||  2017
Throw: Boomerang         |       |       |     6 |       |    41 ||    47
Invok: Berserk           |     1 |       |     4 |       |     2 ||     7
       Trog's Hand       |       |     2 |     1 |     3 |     4 ||    10
Evoke: Wand              |       |       |       |       |     1 ||     1
  Use: Scroll            |       |       |     6 |    16 |    13 ||    35
       Potion            |       |       |       |       |     3 ||     3
Armor: Animal skin       |     3 |       |       |       |       ||     3
       Leather armour    |     8 |       |       |       |       ||     8
       Chain mail        |       |    12 |       |       |       ||    12
       Plate armour      |       |     7 |    78 |   165 |   260 ||   510
Dodge: Dodged            |    42 |    21 |   100 |   177 |   262 ||   602
Block: Buckler           |       |    25 |   119 |   101 |       ||   245
       Other             |       |     4 |       |       |       ||     4
       Reflection        |       |       |     1 |    13 |    66 ||    80
       Kite shield       |       |       |       |   264 |   779 ||  1043
